 Dungeon Crawl Stone Soup version 0.17.1-2-g5865329 (webtiles) character file.

6755 Moresty the Blocker (level 10, -2/91 HPs)
             Began as a Minotaur Fighter on Jan 13, 2016.
             Was a Believer of Okawaru.
             Killed from afar by a gargoyle (14 damage)
             ... with a stone arrow
             ... on level 10 of the Dungeon.
             The game lasted 00:42:50 (11239 turns).

Moresty the Blocker (Minotaur Fighter)             Turns: 11239, Time: 00:42:50

Health: -2/91      AC: 16    Str: 23    XL:     10   Next: 75%
Magic:  9/9        EV:  8    Int:  9    God:    Okawaru [**....]
Gold:   601        SH: 12    Dex: 11    Spells: 0 memorised, 9 levels left

rFire  . . .     SeeInvis .     Q - +7 rapier "Tuergh" {venom, Int+4}
rCold  . . .     Clarity  .     H - +0 plate armour
rNeg   . . .     SustAt   .     c - +0 shield
rPois  .         Gourm    .     (helmet restricted)
rElec  .         Spirit   .     A - +0 cloak
rCorr  +         Warding  .     (no gloves)
rMut   .         Stasis   .     o - +0 pair of boots
MR     +....                    N - amulet of resist corrosion
Stlth  ..........               O - ring of invisibility
                                f - ring of protection from magic

@: somewhat resistant to hostile enchantments, extremely unstealthy
A: retaliatory headbutt, horns 2
a: Heroism, Renounce Religion, Evoke Invisibility


You were on level 10 of the Dungeon.
You worshipped Okawaru.
Okawaru was pleased with you.
You were very hungry.

You visited 2 branches of the dungeon, and saw 11 of its levels.

You collected 601 gold pieces.

Inventory:

Hand Weapons
 a - a +0 long sword
 I - a +0 great sword of freezing
 M - a +3 scimitar
 Q - the +7 rapier "Tuergh" (weapon) {venom, Int+4}
   (You found it on level 9 of the Dungeon)

   It poisons the flesh of those it strikes.
   It affects your intelligence (+4).
 U - a +0 long sword
Missiles
 y - 3 throwing nets (quivered)
Armour
 b - a +0 scale mail
 c - a +0 shield (worn)
 o - a +0 pair of boots (worn)
 r - a cursed +0 leather armour
 A - a +0 cloak (worn)
 H - a +0 plate armour (worn)
Jewellery
 f - a ring of protection from magic (left hand)
 N - an amulet of resist corrosion (around neck)
 O - a ring of invisibility (right hand)
 S - a -4 ring of strength
 T - an uncursed amulet of the gourmand
Wands
 B - a wand of fireball (2)
 G - a wand of magic darts (32)
 K - a wand of frost (10)
 X - a wand of polymorph (3)
Scrolls
 h - 7 scrolls of identify
 j - 2 scrolls of teleportation
 l - 3 scrolls of remove curse
 m - 2 scrolls of amnesia {unknown}
 p - a scroll of enchant armour {unknown}
 q - a scroll of fog {unknown}
 s - 3 scrolls of enchant weapon {unknown}
 w - 3 scrolls of recharging {unknown}
 C - 4 scrolls of magic mapping {unknown}
 F - 2 scrolls of random uselessness {unknown}
 L - 2 scrolls of immolation {unknown}
 P - a scroll of blinking {unknown}
Potions
 d - a potion of might
 g - a potion of brilliance {unknown}
 i - 2 potions of cancellation {unknown}
 k - a potion of flight {unknown}
 n - a potion of ambrosia {unknown}
 u - 2 potions of berserk rage {unknown}
 z - a potion of haste {unknown}
 D - 4 potions of curing {unknown}
 J - a potion of lignification {unknown}
Books
 t - a book of Ice

   Spells                             Type                      Level
   a - Ice Form                       Ice/Transmutation            4
   b - Metabolic Englaciation         Hexes/Ice                    5
   c - Ozocubu's Refrigeration        Ice                          6
   d - Bolt of Cold                   Conjuration/Ice              6
   e - Freezing Cloud                 Conjuration/Ice/Air          6
   f - Simulacrum                     Ice/Necromancy               6
 R - a book of the Tempests

   Spells                             Type                      Level
   a - Static Discharge               Conjuration/Air              3
   b - Lightning Bolt                 Conjuration/Air              5
   c - Fireball                       Conjuration/Fire             5
   d - Tornado                        Air                          9
   e - Shatter                        Earth                        9
Comestibles
 e - 7 bread rations
 v - a slice of pizza
 x - 9 beef jerkies
 E - 3 meat rations


   Skills:
 + Level 9.5 Fighting
 + Level 2.4(6.0) Short Blades
 + Level 9.4(9.6) Long Blades
 + Level 8.8 Armour
 + Level 6.5 Dodging
 + Level 1.6 Stealth
 + Level 10.5 Shields


You had 9 spell levels left.
You didn't know any spells.

Dungeon Overview and Level Annotations

Branches:
Dungeon (10/15)            Temple (1/1) D:7            Lair (0/8) D:10
    Orc (0/4) D:10

Altars:
Ashenzari
Cheibriados
Dithmenos
Elyvilon
Fedhas
Gozag
Kikubaaqudgha
Makhleb
Nemelex Xobeh
Okawaru
Qazlal
Ru
Sif Muna
Trog
Vehumet
Xom
Yredelemnul
Zin
The Shining One

Shops:
D:6 [

Annotations:
D:5 Prince Ribbit


Innate Abilities, Weirdness & Mutations

You reflexively headbutt those who attack you in melee.
You have a pair of horns on your head.


Message History

You hit the iguana.
The iguana is poisoned.
You headbutt the iguana.
You kill the iguana!
Okawaru accepts your kill.
The gargoyle hurls a stone arrow at you.
The stone arrow hits you!
* * * LOW HITPOINT WARNING * * *
You feel much better.
The gargoyle hits you but does no damage.
The gargoyle hurls a stone arrow at you.
The stone arrow hits you!
The gargoyle hurls a stone arrow at you.
You block the stone arrow.
The gargoyle hurls a stone arrow at you.
The stone arrow hits you!
* * * LOW HITPOINT WARNING * * *
The gargoyle hurls a stone arrow at you.
You block the stone arrow.
The gargoyle hurls a stone arrow at you.
The stone arrow hits you!
You die...

##.# #.# #.# #...<.......#.#
##.# #.#
##.###.#####.#####.. ...#
#.######.#.##..####.#####.รท
##.#
#.....#.####.....####..##..
#.#
#####..###.....)...###.##..
#.# #.#.#...........##.##..
#.# #.#....P.........#.##..
#.# #.#.......>........##..
#.# #.#...@.......P.....)..
#.# #.#.#...........##.####
#.# #.#.##.........###.# #.#
#.######.....#####.## #.#
#...# ###9### ##.#.## #.#
###.# #.#####.###.## #.# #.#
#......## ##.. #.#
#.#########9##.###.#.
##.########
#>#.........###.#.##.


You could see a gargoyle.

Vanquished Creatures
  A hill giant (D:10)
  A wyvern (D:10)
  A wraith (D:10)
  A hippogriff (D:8)
  Menkaure (D:7)
  2 wargs (D:10)
  2 hungry ghosts
  3 orc warriors
  2 ice beasts
  2 sky beasts
  6 ogres
  A necrophage (D:8)
  A black bear (D:9)
  3 eyes of draining (D:9)
  2 phantoms
  6 centaurs
  6 giant frogs
  A wyvern skeleton (D:10)
  3 scorpions
  The ghost of matthes123 the Ruffian, a weakling DrTm (D:3)
  9 killer bees
  5 wights (D:6)
  A giant frog zombie (D:10)
  4 crimson imps
  2 jellies
  10 orc wizards
  9 orc priests
  3 giant frog skeletons
  4 hounds
  8 iguanas
  11 worker ants
  A sheep (D:6)
  A worker ant zombie (D:6)
  6 gnolls
  16 adders
  3 shadow imps
  An adder zombie (D:6)
  A worm (D:3)
  3 giant geckos
  30 orcs
  A ball python (D:1)
  10 bats
  6 giant cockroaches
  8 goblins
  5 hobgoblins
  9 jackals
  8 quokkas
  A giant gecko zombie (D:8)
  2 giant newts
  2 jackal skeletons
  11 kobolds
  11 rats
  A fungus (D:3)
249 creatures vanquished.

Notes
Turn   | Place    | Note
--------------------------------------------------------------
     0 | D:1      | Moresty the Minotaur Fighter began the quest for the Orb.
     0 | D:1      | Reached XP level 1. HP: 19/19 MP: 0/0
    54 | D:1      | Found a bloodstained altar of Trog.
    54 | D:1      | Found a snail-covered altar of Cheibriados.
    54 | D:1      | Noticed an ogre
    54 | D:1      | Noticed an ogre
    55 | D:1      | Noticed a troll
    56 | D:1      | Noticed an ogre
   276 | D:1      | Noticed an ogre
   319 | D:1      | Reached skill level 4 in Armour
   331 | D:1      | Reached XP level 2. HP: 27/27 MP: 1/1
  1193 | D:2      | Reached XP level 3. HP: 33/33 MP: 2/2
  1223 | D:2      | Found a shattered altar of Ashenzari.
  1228 | D:2      | Found a glowing silver altar of Zin.
  1338 | D:2      | Reached skill level 1 in Dodging
  1401 | D:2      | Found a stormy altar of Qazlal.
  1406 | D:2      | Found an ancient bone altar of Kikubaaqudgha.
  1915 | D:3      | Reached XP level 4. HP: 38/40 MP: 3/3
  2148 | D:3      | Reached XP level 5. HP: 37/47 MP: 4/4
  2241 | D:3      | Noticed matthes123's ghost (weakling DrTm)
  2278 | D:3      | Killed matthes123's ghost
  2404 | D:3      | Noticed a centaur
  2414 | D:3      | Killed a centaur
  2414 | D:3      | Reached XP level 6. HP: 43/53 MP: 5/5
  3045 | D:3      | Found a sacrificial altar of Ru.
  3280 | D:4      | Reached skill level 5 in Shields
  3319 | D:4      | Reached skill level 1 in Stealth
  3566 | D:4      | Found a basalt altar of Yredelemnul.
  3583 | D:4      | Reached skill level 5 in Fighting
  3939 | D:4      | Reached skill level 5 in Armour
  4360 | D:4      | Reached XP level 7. HP: 50/61 MP: 6/6
  4865 | D:5      | Entered Level 5 of the Dungeon
  5000 | D:5      | Reached skill level 5 in Long Blades
  5142 | D:5      | Reached skill level 6 in Armour
  5440 | D:5      | Found a blossoming altar of Fedhas.
  5453 | D:5      | Noticed Prince Ribbit
  5526 | D:6      | Reached XP level 8. HP: 59/70 MP: 7/7
  5887 | D:6      | Reached skill level 5 in Dodging
  5958 | D:6      | Found Tiwker's Armour Shoppe.
  6198 | D:6      | Reached skill level 7 in Armour
  6267 | D:6      | Found a bloodstained altar of Trog.
  6707 | D:8      | Reached XP level 9. HP: 73/79 MP: 8/8
  7642 | D:9      | Reached skill level 8 in Shields
  8029 | D:7      | Noticed Menkaure
  8322 | D:7      | Killed Menkaure
  8332 | D:7      | Found a staircase to the Ecumenical Temple.
  8339 | Temple   | Entered the Ecumenical Temple
  8394 | Temple   | Became a worshipper of Warmaster Okawaru
  8793 | D:7      | Reached skill level 9 in Shields
  8793 | D:7      | Reached XP level 10. HP: 90/90 MP: 9/9
  9088 | D:9      | Got a jewelled rapier
  9187 | D:9      | Found a bloodstained altar of Trog.
  9206 | D:9      | Reached * piety under Okawaru
  9641 | D:10     | Entered Level 10 of the Dungeon
  9641 | D:10     | Noticed a hill giant
 10057 | D:10     | Identified the +7 rapier "Tuergh" {venom, Int+4} (You found it on level 9 of the Dungeon)
 10131 | D:10     | Found a staircase to the Orcish Mines.
 10181 | D:10     | Noticed a hill giant
 10193 | D:10     | Killed a hill giant
 10406 | D:10     | Reached skill level 1 in Short Blades
 10406 | D:10     | Reached skill level 10 in Shields
 10489 | D:10     | Reached ** piety under Okawaru
 10858 | D:10     | Found a staircase to the Lair.
 11239 | D:10     | Killed from afar by a gargoyle

Action                   |  1- 3 |  4- 6 |  7- 9 | 10-12 || total
-------------------------+-------+-------+-------+-------++-------
Melee: Long sword        |   106 |   171 |   207 |       ||   484
       Scimitar          |       |       |   238 |    66 ||   304
       Rapier            |       |       |       |   121 ||   121
  Use: Scroll            |       |     1 |     2 |     3 ||     6
       Potion            |       |       |     2 |     1 ||     3
  Eat: Chunk             |     3 |     7 |    18 |     8 ||    36
